 Dungeon Crawl Stone Soup version 0.30-a0-528-g8c47a4955b (webtiles) character file.

Game seed: 6559525906794552293

257178 Dirtsage the Alchemist (level 20, -4/138 HPs)
             Began as an Octopode Transmuter on Dec 23, 2022.
             Was the Champion of the Shining One.
             Killed from afar by a deep elf sorcerer (38 damage)
             ... with damnation
             ... on level 3 of the Elven Halls.
             The game lasted 03:01:13 (38303 turns).

Dirtsage the Alchemist (Octopode Transmuter)       Turns: 38303, Time: 03:01:14

Health: -4/138     AC: 27    Str: 21    XL:     20   Next: 25%
Magic:  31/34      EV: 21    Int: 24    God:    the Shining One [******]
Gold:   674        SH: 15    Dex: 18    Spells: 3/39 levels left

rFire   + + .      SeeInvis .      - Unarmed
rCold   + . .      Faith    .    (shield currently unavailable)
rNeg    + + +      Spirit   .    (helmet currently unavailable)
rPois   ∞          Reflect  +    y - amulet of reflection
rElec   +          Harm     .    m - ring "Qomeod" {rPois rF+ rCorr Str+6}
rCorr   +          Rampage  .    u - +4 ring of protection
Will    ++++.                    k - ring of the Dolphin {Will++ rCorr Dex-3}
Stlth   +                        W - ring of wizardry
HPRegen 0.43/turn                F - ring "Isseemen" {rF+ Int+3 Dex+7}
MPRegen 0.24/turn                V - ring of willpower
                                 L - ring "Vaess" {AC+4 Str+4}
                                 I - ring of protection from cold

@: divinely shielded, storm-form, wereblooded, blinkbolt cooldown, flying,
glowing
A: cleaving, insubstantial, flying, almost no armour, amphibious, 8 rings,
(camouflage 1), (gelatinous body 1), (nimble swimmer 1), (tentacles), (tentacle
spike 1), (iridescent scales 1), mutation resistance 1, wild magic 1
}: 1/15 runes: gossamer
a: Blinkbolt, End Transformation, Renounce Religion, Divine Shield, Cleansing
Flame, Summon Divine Warrior, Brand Weapon With Holy Wrath


You were on level 3 of the Elven Halls.
You worshipped the Shining One.
The Shining One was exalted by your worship.
You were a lightning-filled tempest!
You visited 6 branches of the dungeon, and saw 30 of its levels.
You visited the Abyss 1 time.
You also visited: Bailey, Ice Cave and Desolation.

You collected 4778 gold pieces.
You spent 4104 gold pieces at shops.

Inventory:

Missiles
 Q - 4 throwing nets
Armour
 B - a +0 hat of intelligence (melded)
 X - a +0 kite shield of reflection
Jewellery
 i - the amulet "Myzoism" {Regen+ Str+4 Int-4}
   (You found it in an ice cave)

   [amulet of regeneration]

   Str:       It affects your strength (+4).
   Int:       It affects your intelligence (-4).
   Regen:     It increases your rate of health regeneration.
 k - the ring of the Dolphin (on tentacle) {Will++ rCorr Dex-3}
   (You found it in the Desolation of Salt)

   [ring of resist corrosion]

   Dex:       It affects your dexterity (-3).
   rCorr:     It protects you from acid and corrosion.
   Will:      It greatly increases your willpower.
 m - the ring "Qomeod" (left tentacle) {rPois rF+ rCorr Str+6}
   (You found it on level 2 of the Dungeon)

   [ring of strength]

   Str:       It affects your strength (+6).
   rF:        It protects you from fire.
   rPois:     It protects you from poison.
   rCorr:     It protects you from acid and corrosion.
 r - the amulet "Ipnuz" {Spirit rN+}
   (You found it in the Desolation of Salt)

   [amulet of guardian spirit]

   It causes incoming damage to be divided between your reserves of health and
   magic.
   rN:        It protects you from negative energy.
 u - a +4 ring of protection (right tentacle)
 v - the amulet "Nigh" {Faith Str+3 Stlth+}
   (You found it on level 10 of the Dungeon)

   [amulet of faith]

   It allows you to gain divine favour quickly.
   Str:       It affects your strength (+3).
   Stlth:     It makes you more stealthy.
 y - an amulet of reflection (around neck)
 C - the ring "Yschotwa" {rF+ SInv}
   (You took it off a deep elf pyromancer on level 7 of the Dungeon)

   [ring of protection from fire]

   rF:        It protects you from fire.
   SInv:      It lets you see invisible.
 F - the ring "Isseemen" (on tentacle) {rF+ Int+3 Dex+7}
   (You found it on level 7 of the Dungeon)

   [ring of protection from fire]

   Int:       It affects your intelligence (+3).
   Dex:       It affects your dexterity (+7).
   rF:        It protects you from fire.
 G - a +6 ring of strength
 I - a ring of protection from cold (on tentacle)
 K - a +4 ring of evasion
 L - the ring "Vaess" (on tentacle) {AC+4 Str+4}
   (You took it off a ragged hierophant in the Desolation of Salt)

   [ring of protection]

   AC:        It affects your AC (+4).
   Str:       It affects your strength (+4).
 P - the ring of Vomiegra {Ice Str+7}
   (You found it in the Desolation of Salt)

   [ring of ice]

   It enhances your ice magic.
   Str:       It affects your strength (+7).
   rF:        It makes you vulnerable to fire.
   rC:        It protects you from cold.
 R - a +4 ring of slaying
 S - the amulet "Ycirchaeb" {RegenMP Drain Str+3 Dex+5}
   (You found it in an ice cave)

   [amulet of magic regeneration]

   It increases your rate of magic regeneration.
   Str:       It affects your strength (+3).
   Dex:       It affects your dexterity (+5).
   Drain:     It drains your maximum health when unequipped.
 T - a ring of magical power
 U - a ring of fire
 V - a ring of willpower (on tentacle)
 W - a ring of wizardry (on tentacle)
 Y - the ring "Afitalaso" {Fly Slay+3}
   (You found it on level 7 of the Dungeon)

   [ring of flight]

   Slay:      It affects your accuracy & damage with ranged weapons and melee
   (+3).
   Fly:       It grants you flight.
Wands
 f - a wand of light (6)
 s - a wand of paralysis (15)
 w - a wand of roots (29)
 D - a wand of digging (3)
 Z - a wand of polymorph (8)
Scrolls
 c - 4 scrolls of immolation
 e - 6 scrolls of poison
 g - 6 scrolls of fear
 p - 2 scrolls of summoning
 t - 6 scrolls of teleportation
 x - 8 scrolls of fog
 J - a scroll of vulnerability
 M - 5 scrolls of amnesia
 N - a scroll of silence
Potions
 a - 2 potions of magic
 b - 9 potions of mutation
 d - 8 potions of might
 h - 13 potions of haste
 j - 2 potions of ambrosia
 l - 13 potions of heal wounds
 n - 6 potions of resistance
 o - 2 potions of cancellation
 q - 14 potions of curing
 z - 7 potions of flight
 A - 3 potions of berserk rage
 E - 4 potions of attraction
 H - 3 potions of brilliance
Miscellaneous
 O - a piece from Xom's chessboard (15/15)


   Skills:
 + Level 12.3 Fighting
 - Level 2.0 Dodging
 + Level 14.0 Unarmed Combat
 - Level 10.2 Spellcasting
 - Level 5.0 Hexes
 + Level 11.0 Translocations
 + Level 17.3 Transmutations
 - Level 6.6 Ice Magic
 * Level 15.2 Air Magic
 - Level 10.0 Earth Magic
 + Level 11.8 Invocations


You had 3 spell levels left.
You knew the following spells:

 Your Spells              Type           Power      Damage    Failure   Level
a - Beastly Appendage     Tmut           100%       N/A       1%          1
b - Wereblood             Tmut           90%        N/A       1%          2
c - Ice Form              Ice/Tmut       74%        N/A       1%          4
d - Leda's Liquefaction   Hex/Erth       29%        N/A       1%          4
e - Lesser Beckoning      Tloc           100%       N/A       1%          3
f - Statue Form           Tmut/Erth      52%        N/A       2%          6
g - Manifold Assault      Tloc           71%        N/A       1%          4
h - Storm Form            Tmut/Air       43%        N/A       3%          7
s - Swiftness             Air            84%        N/A       1%          3
w - Passwall              Tmut/Erth      65%        N/A       1%          2

Your spell library contained the following spells:

 Spells                   Type           Power      Damage    Failure   Level
 Apportation              Tloc           100%       N/A       1%          1
 Slow                     Hex            100%       N/A       1%          1
 Sting                    Tmut/Pois      100%       1d8       1%          1
 Blink                    Tloc           100%       N/A       1%          2
 Cigotuvi's Dreadful Rot  Necr/Pois/Air  94%        N/A       1%          2
 Ensorcelled Hibernation  Hex/Ice        100%       N/A       1%          2
 Momentum Strike          Conj/Tloc      100%       3d10      1%          2
 Poisonous Vapours        Pois/Air       100%       N/A       1%          2
 Confusing Touch          Hex            47%        N/A       1%          3
 Frozen Ramparts          Ice            100%       1d16      1%          3
 Gell's Gravitas          Tloc           71%        N/A       1%          3
 Ignite Poison            Fire/Tmut/Pois 51%        N/A       1%          3
 Kindle Blastsparks       Fire/Tloc/Air  100%       2d18      1%          3
 Mephitic Cloud           Conj/Pois/Air  47%        N/A       1%          3
 Portal Projectile        Hex/Tloc       100%       N/A       1%          3
 Spider Form              Tmut/Pois      63%        N/A       1%          3
 Stone Arrow              Conj/Erth      94%        3d12      1%          3
 Teleport Other           Tloc           71%        N/A       1%          3
 Tukima's Dance           Hex            47%        N/A       1%          3
 Vhi's Electric Charge    Tloc/Air       100%       N/A       1%          3
 Kiss of Death            Conj/Necr      60%        2d10      3%          1
 Magic Dart               Conj           60%        1d6       3%          1
 Dazzling Flash           Conj/Hex       62%        N/A       3%          3
 Searing Ray              Conj           30%        2d5       4%          2
 Sublimation of Blood     Necr           15%        N/A       4%          2
 Call Canine Familiar     Summ           15%        N/A       9%          3
 Vampiric Draining        Necr           15%        2d7       9%          3
 Passage of Golubria      Tloc           71%        N/A       1%          4
 Petrify                  Tmut/Erth      79%        N/A       1%          4
 Blade Hands              Tmut           45%        N/A       1%          5
 Lee's Rapid Deconstruct  Erth           34%        3d17*     1%          5
 Silence                  Hex/Air        34%        N/A       1%          5
 Yara's Violent Unravell  Hex/Tmut       36%        3d15      1%          5
 Alistair's Intoxication  Tmut/Pois      42%        N/A       2%          5
 Irradiate                Conj/Tmut      31%        3d22      2%          5
 Arcjolt                  Conj/Air       29%        1d39      4%          5
 Freezing Cloud           Conj/Ice/Air   28%        6-21      4%          5
 Dispersal                Tloc           35%        N/A       5%          6
 Summon Ice Beast         Ice/Summ       36%        N/A       8%          4
 Metabolic Englaciation   Hex/Ice        25%        N/A       8%          5
 Eringya's Noxious Bog    Tmut/Pois      31%        N/A       12%         6
 Conjure Ball Lightning   Conj/Air       29%        3x3d9     19%         6
 Dispel Undead            Necr           15%        3d10      26%         4
 Olgreb's Toxic Radiance  Pois           15%        N/A       26%         4
 Summon Mana Viper        Hex/Summ       31%        N/A       26%         5
 Agony                    Necr           15%        N/A       54%         5
 Fireball                 Conj/Fire      7%         3d5       54%         5
 Disjunction              Tloc           35%        N/A       85%         8
 Death Channel            Necr           7%         N/A       97%         6
 Starburst                Conj/Fire      7%         6d4       97%         6
 Necromutation            Tmut/Necr      31%        N/A       98%         8
 Monstrous Menagerie      Summ           7%         N/A       100%        7
 Orb of Destruction       Conj           7%         9d6       100%        7
 Borgnjor's Revivificati  Necr           7%         N/A       100%        8
 Discord                  Hex            23%        N/A       100%        8
 Death's Door             Necr           7%         N/A       100%        9


Dungeon Overview and Level Annotations

Branches:
Dungeon (15/15)            Temple (1/1) D:6            Lair (5/5) D:11
 Shoals (0/4) Lair:2       Spider (4/4) Lair:3        Slime (0/5) Lair:5
    Orc (2/2) D:10            Elf (3/3) Orc:2        Vaults (0/5) D:14
 Depths (0/4) D:15         Bailey (visited)           IceCv (visited)
Desolation (visited)

Altars:
Ashenzari
Cheibriados
Dithmenos
Elyvilon
Fedhas
Gozag
Hepliaklqana
Kikubaaqudgha
Makhleb
Nemelex Xobeh
Okawaru
Qazlal
Ru
Sif Muna
Trog
Uskayaw
Vehumet
Wu Jian
Xom
Yredelemnul
Zin
The Shining One
Jiyva

Shops:
D:3 !   D:8 :(*   D:9 !   D:10 :   D:11 *   Orc:2 :([!   Elf:1 :

Annotations:
D:8 2 transporters, Athor's ghost, novice FoFi
D:9 exclusion: obsidian statue


Innate Abilities, Weirdness & Mutations

You are a lightning-filled tempest!
Your electrical attacks strike out in all directions at once.
You are incredibly evasive.
Your insubstantial body is immune to petrification, constriction, and being set on fire You are flying.
You are immune to poison.
Your armour is entirely melded.
You are incapable of wielding weapons or throwing items.
You cannot wear most types of armour.
You are amphibious.
You can wear up to eight rings at the same time.
((Your skin changes colour to match your surroundings (Stealth+).))
((Your rubbery body absorbs attacks. (AC +1, EV +1)))
((You are camouflaged when in or above water. (Stealth+)))
((You have tentacles for arms and can constrict up to eight enemies at once.))
((One of your tentacles bears a spike.))
((You are partially covered in iridescent scales. (AC +2)))
You are somewhat resistant to further mutation.
Your spells are a little harder to cast, but a little more powerful.


Message History

The deep elf high priest prays to its god.
The deep elf high priest begins emitting a brilliant aura!
The deep elf annihilator is empowered by the deep elf high priest's aura!
The deep elf sorcerer is empowered by the deep elf high priest's aura! x2
You hear a shout!
Your daeva calls down the wrath of the Shining One upon the deep elf annihilator.
The deep elf annihilator is smitten.
The deep elf annihilator gestures at you while chanting.
The crystal spear hits you!!!!
Ouch! That really hurt!
* * * LOW HITPOINT WARNING * * *
The deep elf sorcerer mumbles some strange words.
The deep elf sorcerer seems to speed up.
The deep elf sorcerer gestures wildly while chanting.
The deep elf sorcerer seems to speed up.
You hear a shout!
A deep elf sorcerer comes into view. It is wielding a +0 short sword.
Things that are here:
a +0 scimitar; a +0 buckler; an elf corpse You take 88 damage, and have 30/137 hp.
MASSIVE DAMAGE!!
You blast the deep elf annihilator!!!
You feel a bit better.
You kill the deep elf annihilator!
Your Translocations skill increases to level 11!
You regained 3 hp, and now have 33/138 hp.
Your daeva calls down the wrath of the Shining One upon the deep elf sorcerer.
The deep elf sorcerer is smitten.
The deep elf annihilator mumbles some strange words.
The deep elf annihilator blinks!
The deep elf sorcerer casts a spell at you.
The bolt of acid misses you.
You see here a +0 scimitar.
Your daeva calls down the wrath of the Shining One upon the deep elf sorcerer.
The deep elf sorcerer is smitten.
Things that are here:
a +0 long sword; an elf corpse Your daeva calls down the wrath of the Shining One upon the deep elf sorcerer.
The deep elf sorcerer is smitten.
The deep elf sorcerer casts a spell at you.
The sphere of damnation explodes!
The damnation engulfs you!!!
You die...

#........))().......#.#.
#.........)).....<#.##..
#....................###
####.................#
#.#....##.........#
##..).#######...####
#.....# #...# #.....##
..# #....vA###
##...#)..# ######))#
#ee# #).# #..# #..# #e.#
..ee


You could see 2 deep elf sorcerers and a friendly daeva (summoned).

Vanquished Creatures
  A bone dragon (Abyss:4)
  Jorgrun (D:10)
  A tentacled starspawn (Abyss:4)
  Roxanne (Elf:1)
  A deep elf sorcerer (Elf:3)
  5 emperor scorpions
  6 ghost moths
  3 imperial myrmidons (Desolation)
  2 deep elf elementalists (Elf:3)
  A balrug (Abyss:4)
  An orc warlord (Orc:2)
  2 broodmothers (Spider:4)
  A stone giant (D:15)
  Nessos (Lair:5)
  3 deep elf annihilators (Elf:3)
  A halazid warlock (Desolation)
  4 spark wasps
  Snorg (D:12)
  2 crystal guardians (Desolation)
  A fire dragon (D:14)
  2 deep elf high priests
  3 ragged hierophants (Desolation)
  6 entropy weavers
  2 ice dragons (IceCv)
  2 peacekeepers (Desolation)
  Fannar (Lair:1)
  9 hydras
  4 servants of whispers (Desolation)
  2 jorogumos
  An ogre mage (D:15)
  3 boulder beetles
  4 centaur warriors
  A radroach (shapeshifter) (D:15)
  2 radroaches
  A death knight (D:13)
  33 dancing weapons
  7 tengu warriors
  13 two-headed ogres
  3 death yaks (Lair:5)
  5 orc high priests
  5 thrashing horrors (Abyss:4)
  Sonja (Lair:5)
  14 deep elf knights
  A sun moth (Spider:2)
  2 wretched stars (Abyss:4)
  A skeletal warrior (D:13)
  7 steelbarb worms
  4 pharaoh ants
  Pikel (D:5)
  4 spectral wolf spiders (Spider:4)
  2 orange crystal statues
  11 deep elf archers
  4 orb spiders (Spider:4)
  A phantasmal warrior (D:13)
  4 ironbound convokers (Desolation)
  An orc knight (D:15)
  24 deep elf zephyrmancers
  4 oklob plants
  24 deep elf pyromancers
  5 wolf spider zombies (Spider:4)
  30 wolf spiders
  9 cyclopes
  An orc sorcerer (D:15)
  32 elephants
  A shining eye (shapeshifter) (Elf:1)
  18 ugly things
  2 manticores
  3 moths of wrath (Spider:4)
  Joseph (D:8)
  2 guardian serpents (Desolation)
  A molten gargoyle (Desolation)
  6 black mambas
  2 centaur zombies (D:11)
  2 gargoyles
  A smoke demon (Abyss:4)
  An apocalypse crab (Abyss:4)
  2 rime drakes
  3 storm dragon simulacra (IceCv)
  8 kobold demonologists
  11 cane toads
  9 demonic crawlers
  9 komodo dragons
  8 torpor snails
  3 unseen horrors
  3 freezing wraiths
  4 tengu conjurers
  4 yaktaurs (D:14)
  A golden dragon simulacrum (IceCv)
  3 ancient zymes (Abyss:4)
  7 trolls
  3 polar bears (Lair:5)
  Prince Ribbit (D:6)
  18 meliai
  28 saltlings (Desolation)
  17 tarantellas
  10 hornets
  A wolf spider simulacrum (Spider:4)
  A raiju (Abyss:4)
  13 blink frogs
  17 slime creatures
  2 small abominations (Abyss:4)
  16 jumping spiders
  A snapping turtle (Lair:2)
  8 dream sheep
  5 shadows
  2 air elementals
  4 vampires
  16 spriggans (Lair:5)
  A water elemental (Elf:1)
  Sigmund (D:6)
  2 large abominations (Abyss:4)
  20 culicivoras
  5 wraiths
  4 basilisks
  3 wyverns
  43 yaks
  9 vampire mosquitoes
  3 fire elementals
  35 redbacks
  3 steam dragons
  Menkaure (D:5)
  A two-headed ogre zombie (D:10)
  16 wargs
  2 acid dragons
  15 water moccasins
  28 orc warriors
  2 ice beasts
  A hell hound (D:13)
  2 black bears (Lair:5)
  An ice dragon simulacrum (IceCv)
  5 ogres
  4 boggarts (Lair:5)
  30 wolves
  11 centaurs
  A lemure (D:5)
  4 phantoms
  2 kobold brigands
  13 bullfrogs
  A necrophage (D:8)
  6 earth elementals
  9 gnoll sergeants
  5 scorpions
  14 wights
  A troll zombie (D:10)
  4 lindwurm simulacra (IceCv)
  12 killer bees
  7 howler monkeys
  An electric eel (D:6)
  7 hounds
  31 orc priests
  3 gnoll boudas
  7 jellies
  An iron imp (Abyss:4)
  2 iguanas
  15 orc wizards
  A statue (D:9)
  6 ogre zombies (D:10)
  4 adders
  33 gnolls
  3 white imps
  A worm (D:3)
  2 dart slugs
  79 orcs
  18 endoplasms
  2 giant cockroaches
  8 goblins
  12 hobgoblins
  5 jackals
  25 kobolds
  6 quokkas
  9 ball pythons
  2 bats
  5 frilled lizards
  2 goblin zombies (D:10)
  3 hobgoblin skeletons (D:10)
  3 hobgoblin zombies (D:10)
  2 orc skeletons (D:10)
  15 orc zombies (D:10)
  4 rats
  A starspawn tentacle (Abyss:4)
1258 creatures vanquished.

Vanquished Creatures (collateral kills)
  A golden dragon (IceCv)
  Rupert (Lair:5)
  2 emperor scorpions (Spider:4)
  A deep elf high priest (Elf:3)
  3 ice dragons (IceCv)
  A two-headed ogre (D:13)
  3 orc high priests (Orc:2)
  A cane toad (Lair:5)
  3 storm dragon simulacra (IceCv)
  2 demonic crawlers (Spider:4)
  3 kobold demonologists (D:13)
  A golden dragon simulacrum (IceCv)
  2 trolls (D:13)
  A jumping spider (Spider:4)
  A culicivora (Spider:4)
  2 wargs
  3 orc warriors (D:13)
  2 ice dragon simulacra (IceCv)
  An ogre (Orc:2)
  5 gnoll sergeants (D:13)
  6 lindwurm simulacra (IceCv)
  A gnoll bouda (Orc:2)
  13 orc priests (Orc:2)
  An orc wizard (Orc:2)
  4 gnolls (Orc:2)
  22 orcs (Orc:2)
86 creatures vanquished.

Vanquished Creatures (others)
  A wolf spider (Spider:4)
  An orc wizard (D:5)
  57 fungi
  55 plants
  3 starspawn tentacles (Abyss:4)
  5 withered plants (Desolation)
122 creatures vanquished.

Grand Total: 1466 creatures vanquished

Notes
Turn   | Place    | Note
-------+----------+-------------------------------------------
     0 | D:1      | Dirtsage the Octopode Transmuter began the quest for the
                  | Orb.
     0 | D:1      | Reached XP level 1. HP: 13/13 MP: 3/3
   186 | D:1      | Reached skill level 1 in Ice Magic
   186 | D:1      | Reached XP level 2. HP: 18/18 MP: 5/5
   189 | D:1      | Learned a level 2 spell: Wereblood
   574 | D:1      | Found a faded altar of an unknown god.
   640 | D:1      | Reached XP level 3. HP: 23/23 MP: 6/6
  1430 | D:2      | Reached skill level 3 in Transmutations
  1719 | D:2      | Identified the ring "Qomeod" {rPois rF+ rCorr Str+6}
  1923 | D:3      | Found an opulent altar of Gozag.
  2030 | D:3      | Reached XP level 4. HP: 21/28 MP: 5/7
  2071 | D:3      | Found Kiuss's Distillery.
  2076 | D:3      | Bought a potion of heal wounds for 60 gold pieces
  2076 | D:3      | Bought a potion of curing for 36 gold pieces
  2260 | D:3      | Learned a level 4 spell: Ice Form
  2518 | D:3      | Found a shimmering blue altar of Sif Muna.
  2547 | D:3      | Found a blossoming altar of Fedhas.
  3231 | D:4      | Reached XP level 5. HP: 29/33 MP: 6/8
  3265 | D:4      | Reached skill level 4 in Transmutations
  3389 | D:4      | Reached XP level 6. HP: 25/38 MP: 2/9
  3930 | D:5      | Entered Level 5 of the Dungeon
  3932 | D:5      | Noticed Pikel
  3989 | D:5      | Killed Pikel
  3990 | D:5      | Reached skill level 6 in Transmutations
  3990 | D:5      | Reached skill level 5 in Ice Magic
  3990 | D:5      | Reached XP level 7. HP: 24/43 MP: 4/10
  4031 | D:5      | Noticed Menkaure
  4079 | D:5      | Reached XP level 8. HP: 48/48 MP: 6/11
  4288 | D:5      | Killed Menkaure
  4476 | D:5      | Reached skill level 7 in Transmutations
  5498 | D:5      | Found a white marble altar of Elyvilon.
  5501 | D:5      | Found a shimmering altar of Xom.
  5501 | D:5      | Found a white marble altar of Elyvilon.
  5503 | D:5      | Found a stormy altar of Qazlal.
  5503 | D:5      | Found a shimmering altar of Xom.
  5503 | D:5      | Found an opulent altar of Gozag.
  5655 | D:6      | Reached skill level 8 in Transmutations
  5655 | D:6      | Reached XP level 9. HP: 56/56 MP: 7/12
  5660 | D:6      | Learned a level 4 spell: Leda's Liquefaction
  5704 | D:6      | Found a sacrificial altar of Ru.
  5925 | D:6      | Found a staircase to the Ecumenical Temple.
  5939 | Temple   | Entered the Ecumenical Temple
  5946 | Temple   | Became a worshipper of the Shining One
  5994 | D:6      | Noticed Sigmund
  6006 | D:6      | Killed Sigmund
  6007 | D:6      | Reached skill level 1 in Hexes
  6007 | D:6      | Reached skill level 1 in Earth Magic
  6042 | D:6      | Found an iron altar of Okawaru.
  6066 | D:6      | Found a sparkling altar of Nemelex Xobeh.
  6070 | D:6      | Noticed Prince Ribbit
  6096 | D:6      | Killed Prince Ribbit
  6097 | D:6      | Reached skill level 5 in Unarmed Combat
  6164 | D:6      | Found a white marble altar of Elyvilon.
  6712 | D:7      | Reached skill level 9 in Transmutations
  6728 | D:7      | Reached XP level 10. HP: 54/64 MP: 13/13
  6985 | D:7      | Found a flagged portal.
  6994 | Bailey   | Entered a bailey
  7492 | D:7      | Reached * piety under the Shining One
  7985 | D:7      | Noticed a manticore
  7987 | D:7      | Noticed a cyclops
  7991 | D:7      | Identified the ring "Yschotwa" {rF+ SInv}
  7991 | D:7      | Noticed a deep elf pyromancer
  7998 | D:7      | Noticed a cyclops
  8001 | D:7      | Killed a deep elf pyromancer
  8002 | D:7      | Reached skill level 5 in Fighting
  8002 | D:7      | Reached skill level 1 in Invocations
  8008 | D:7      | Killed a cyclops
  8009 | D:7      | Reached skill level 5 in Hexes
  8013 | D:7      | Killed a manticore
  8014 | D:7      | Reached XP level 11. HP: 30/72 MP: 7/15
  8515 | D:7      | Killed a cyclops
  8577 | D:7      | Identified the ring "Afitalaso" {Fly Slay+3}
  8583 | D:7      | Identified the ring "Isseemen" {rF+ Int+3 Dex+7}
  8606 | D:7      | Identified the amulet "Vytheugg" {Acrobat *Corrode Will+
                  | Int+2 Slay+2}
  8730 | D:8      | Found an ornate altar of the Wu Jian Council.
  8795 | D:8      | Found Eckesaodgh's Antique Weapon Boutique.
  8828 | D:8      | Found Suemmet's General Store.
  8834 | D:8      | Bought a potion of brilliance for 48 gold pieces
  8834 | D:8      | Bought a scroll of identify for 24 gold pieces
  8834 | D:8      | Bought 2 scrolls of identify for 48 gold pieces
  8836 | D:8      | Reached skill level 13 in Transmutations
  8836 | D:8      | Reached XP level 12. HP: 75/75 MP: 16/16
  8851 | D:8      | Found a transporter.
  8861 | D:8      | Found a transporter.
  8863 | D:8      | Noticed Athor's ghost (novice FoFi)
  8863 | D:8      | Reached ** piety under the Shining One
  8888 | D:8      | Found a bloodstained altar of Trog.
  8909 | D:8      | You are sucked into a shaft and drop 1 floor!
  9177 | D:8      | Found Jocobb's Book Shoppe.
  9178 | D:8      | Found Begurestra's Magic Scroll Shoppe.
  9182 | D:8      | Bought a scroll of teleportation for 39 gold pieces
  9182 | D:8      | Bought a scroll of identify for 26 gold pieces
  9182 | D:8      | Bought a scroll of immolation for 52 gold pieces
  9182 | D:8      | Bought a scroll of teleportation for 39 gold pieces
  9182 | D:8      | Bought a scroll of teleportation for 39 gold pieces
  9560 | D:8      | Noticed Joseph
  9567 | D:8      | Killed Joseph
  9829 | D:8      | Learned a level 3 spell: Lesser Beckoning
  9938 | D:9      | Found Pothruq's Distillery.
  9944 | D:9      | Bought a potion of haste for 160 gold pieces
  9944 | D:9      | Bought a potion of heal wounds for 80 gold pieces
  9944 | D:9      | Bought a potion of haste for 160 gold pieces
  9944 | D:9      | Bought a potion of haste for 160 gold pieces
  9944 | D:9      | Bought a potion of heal wounds for 80 gold pieces
 10035 | D:9      | Noticed a two-headed ogre
 10043 | D:9      | Killed a two-headed ogre
 10044 | D:9      | Reached skill level 5 in Earth Magic
 10220 | D:9      | Reached skill level 1 in Translocations
 10245 | D:9      | Found a radiant altar of Vehumet.
 10795 | D:10     | Entered Level 10 of the Dungeon
 11173 | D:10     | Reached *** piety under the Shining One
 11211 | D:10     | Reached **** piety under the Shining One
 11247 | D:10     | Found a staircase to the Orcish Mines.
 11285 | D:10     | Reached ***** piety under the Shining One
 11373 | D:10     | Found Felilop's Tremendous Tomes.
 11677 | D:10     | Identified the amulet "Nigh" {Faith Str+3 Stlth+}
 11920 | D:10     | Noticed a soul eater
 11927 | D:10     | Reached skill level 5 in Invocations
 12438 | D:11     | Noticed a two-headed ogre
 12460 | D:11     | Killed a two-headed ogre
 12499 | D:11     | Reached XP level 13. HP: 80/86 MP: 12/19
 12506 | D:11     | Learned a level 6 spell: Statue Form
 12598 | D:11     | Found Rapafror's General Store.
 12606 | D:11     | Bought a scroll of identify for 22 gold pieces
 12709 | D:11     | Found a staircase to the Lair.
 13621 | Lair:1   | Entered Level 1 of the Lair of Beasts
 13749 | Lair:1   | Noticed Fannar
 13757 | Lair:1   | Killed Fannar
 15081 | Lair:2   | Found a staircase to the Shoals.
 15627 | Lair:3   | Reached skill level 10 in Unarmed Combat
 16014 | Lair:3   | Found a hole to the Spider Nest.
 16644 | Lair:4   | Reached XP level 14. HP: 97/97 MP: 9/20
 16857 | Lair:4   | Reached ****** piety under the Shining One
 17125 | Lair:4   | Identified a scroll of acquirement
 17126 | Lair:4   | Acquired the Almanac of Distant Shores
 17501 | Lair:4   | Reached skill level 1 in Air Magic
 18000 | Lair:4   | Acquired 634 gold pieces
 18012 | Lair:5   | Entered Level 5 of the Lair of Beasts
 18012 | Lair:5   | Noticed Nessos
 18020 | Lair:5   | Killed Nessos
 18305 | Lair:5   | Noticed Sonja
 18318 | Lair:5   | Killed Sonja
 18319 | Lair:5   | Reached skill level 14 in Transmutations
 18490 | Lair:5   | Reached skill level 5 in Air Magic
 18494 | Lair:5   | Reached XP level 15. HP: 103/103 MP: 12/22
 18507 | Lair:5   | Reached skill level 5 in Spellcasting
 18767 | Lair:5   | Found a viscous altar of Jiyva.
 18779 | Lair:5   | Found a staircase to the Slime Pits.
 18986 | Lair:5   | Noticed Rupert
 18994 | Lair:5   | Killed Rupert
 19687 | D:11     | Bought a ring of protection from cold for 275 gold pieces
 19721 | D:10     | Bought the Compilation of the Lethal Excursion for 680 gold
                  | pieces
 19726 | D:10     | Learned a level 4 spell: Manifold Assault
 19755 | Orc:1    | Entered Level 1 of the Orcish Mines
 19772 | Orc:1    | Gained mutation: Your body sometimes deteriorates upon
                  | taking damage. [a neqoxec]
 19846 | Orc:1    | Noticed Jorgrun
 20306 | D:10     | Killed Jorgrun
 20592 | Orc:1    | Found an iron altar of Okawaru.
 20719 | Orc:2    | Entered Level 2 of the Orcish Mines
 20747 | Orc:2    | Noticed an orc warlord
 20754 | Orc:2    | Reached skill level 10 in Earth Magic
 20760 | Orc:2    | Killed an orc warlord
 20871 | Orc:2    | Found a staircase to the Elven Halls.
 21150 | Orc:2    | Found Adoakk's Book Emporium.
 21150 | Orc:2    | Found Fevvaby's Antique Weapon Shop.
 21209 | Orc:2    | Found Xeenudes's Antique Armour Emporium.
 21209 | Orc:2    | Found Gyusehoq's Distillery.
 21545 | Orc:2    | Bought 2 potions of heal wounds for 140 gold pieces
 21545 | Orc:2    | Bought a potion of curing for 42 gold pieces
 21545 | Orc:2    | Bought a potion of haste for 140 gold pieces
 21545 | Orc:2    | Bought a potion of haste for 140 gold pieces
 21545 | Orc:2    | Bought a potion of resistance for 140 gold pieces
 21545 | Orc:2    | Bought a potion of heal wounds for 70 gold pieces
 21816 | Orc:2    | Bought Iqi Futi's Spellbook of Conduction for 208 gold
                  | pieces
 21956 | Spider:1 | Entered Level 1 of the Spider Nest
 22003 | Spider:1 | Reached skill level 10 in Invocations
 22077 | Spider:1 | Reached skill level 15 in Transmutations
 22117 | Spider:1 | Reached skill level 5 in Translocations
 22241 | Spider:1 | Found a frozen archway.
 22247 | IceCv    | Entered an ice cave
 22265 | IceCv    | Saving game... please wait.
 22279 | IceCv    | Reached XP level 16. HP: 103/108 MP: 22/26
 22406 | IceCv    | Noticed a golden dragon
 22450 | IceCv    | Killed a golden dragon
 22667 | IceCv    | Identified the amulet "Myzoism" {Regen+ Str+4 Int-4}
 22672 | IceCv    | Identified the amulet "Ycirchaeb" {RegenMP Drain Str+3
                  | Dex+5}
 22938 | Spider:1 | Lost mutation: Your body sometimes deteriorates upon taking
                  | damage. [potion of mutation]
 22938 | Spider:1 | Gained mutation: You are partially covered in iridescent
                  | scales. (AC +2) [potion of mutation]
 22938 | Spider:1 | Gained mutation: One of your tentacles bears a spike.
                  | [potion of mutation]
 22938 | Spider:1 | Gained mutation: You are somewhat resistant to further
                  | mutation. [potion of mutation]
 22938 | Spider:1 | Gained mutation: Your spells are a little harder to cast,
                  | but a little more powerful. [potion of mutation]
 23767 | Spider:2 | Identified the +4 leather armour of the Sky {Harm rF+ rC+++
                  | Stlth-}
 24993 | Spider:3 | Reached skill level 16 in Transmutations
 25444 | Spider:3 | Learned a level 7 spell: Storm Form
 25448 | Spider:4 | Entered Level 4 of the Spider Nest
 25472 | Spider:4 | Reached XP level 17. HP: 106/114 MP: 15/30
 25589 | Spider:4 | Reached skill level 10 in Air Magic
 26205 | Spider:4 | Reached skill level 10 in Spellcasting
 26558 | Spider:4 | Reached skill level 10 in Fighting
 26846 | Spider:4 | Got a gossamer rune of Zot
 27475 | D:12     | Noticed Snorg
 27484 | D:12     | Killed Snorg
 28285 | D:13     | Reached XP level 18. HP: 114/121 MP: 32/32
 28307 | D:13     | Learned a level 3 spell: Swiftness
 28506 | D:13     | Identified the +6 trident of Kamas {holy, rPois rF+}
 30192 | D:15     | Entered Level 15 of the Dungeon
 30927 | D:14     | Found a gate to the Vaults.
 31698 | D:15     | Learned a level 2 spell: Passwall
 31994 | D:15     | Found a staircase to the Depths.
 32711 | Elf:1    | Entered Level 1 of the Elven Halls
 33536 | Elf:1    | Found a runed translucent gate.
 33536 | Elf:1    | Found a runed translucent gate.
 33536 | Elf:1    | Found a runed translucent gate.
 33576 | Elf:1    | Reached XP level 19. HP: 30/129 MP: 29/33
 33841 | Elf:1    | Noticed Roxanne
 33858 | Elf:1    | Killed Roxanne
 34401 | Elf:1    | Found Beoff's Book Shop.
 34506 | Elf:1    | Paralysed by an air elemental for 1 turns
 34521 | Elf:1    | Bought a book of Chaos for 650 gold pieces
 34521 | Elf:1    | Bought a book of the Warp for 546 gold pieces
 34805 | Elf:2    | Found a crumbling gateway.
 34805 | Elf:2    | Identified the +1 helmet of Recklessness {rF+ rCorr Int+3
                  | Stlth+}
 34812 | Desolati | Entered the Desolation of Salt
 35014 | Desolati | Reached skill level 10 in Translocations
 35026 | Desolati | Identified the ring "Vaess" {AC+4 Str+4}
 35084 | Desolati | Identified the +9 glaive of the Endless Expanse {spect,
                  | rElec rN+ Dex+6 Stlth-}
 35088 | Desolati | Identified the amulet "Ipnuz" {Spirit rN+}
 35098 | Desolati | Got Nyxzod's Meditations on Scorched Grit
 35101 | Desolati | Identified the +8 falchion "Ogrebane" {venom, rElec rF+}
 35162 | Desolati | Got Sorcery Continued
 35238 | Desolati | Identified the ring of Vomiegra {Ice Str+7}
 35290 | Desolati | Identified the ring of the Dolphin {Will++ rCorr Dex-3}
 35631 | Elf:2    | Reached skill level 17 in Transmutations
 35941 | Elf:2    | Found an ancient bone altar of Kikubaaqudgha.
 36136 | Elf:2    | Found a runed translucent gate.
 36136 | Elf:2    | Found a runed translucent gate.
 36137 | Elf:2    | Found a runed translucent gate.
 36361 | Abyss:4  | Cast into level 4 of the Abyss (+1 glaive of distortion)
 36406 | Abyss:4  | Noticed a bone dragon
 36416 | Abyss:4  | Killed a bone dragon
 36622 | Elf:2    | Escaped the Abyss
 37413 | Elf:2    | Reached XP level 20. HP: 44/137 MP: 17/34
 37913 | Elf:3    | Entered Level 3 of the Elven Halls
 38045 | Elf:3    | Reached skill level 15 in Air Magic
 38303 | Elf:3    | Killed from afar by a deep elf sorcerer

Illustrated notes

Levels and vault maps discovered:
D:1:      saegor_arrival_simple_e, layout_loops_ring, basic_ecumenical_altar
D:2:      layout_loops_corners, serial_park_tiny_1, kennysheep_small_spiral,
          minmay_cupped
D:3:      layout_loops_ring, nicolae_gozag_seed_capital,
          mainiacjoe_overflow_two_lobes, serial_shops, nicolae_diamond_shop
D:4:      layout_cave_pods, minmay_misc_feat_iff, chequers_serial_rivers_micro_c
D:5:      layout_loops_ring, doesnt_xom_only_xom, uniq_pikel, uniq_menkaure
D:6:      lemuel_slime, layout_cave_pools, lemuel_crystal_altar,
          kennysheep_mini_moat, nicolae_elyvilon_temple_path,
          mainiacjoe_overflow_concentric_impassable,
          minmay_temple_entry_proselytizer, nicolae_figureground_pulse,
          uniq_prince_ribbit1, uniq_sigmund
D:7:      minmay_the_grid_triangle_9x9_rhombus_full
          [minmay_the_grid_triangle_9x9_from_above,
          minmay_the_grid_triangle_9x9_cache,
          minmay_the_grid_triangle_9x9_corrupted_corridor,
          minmay_the_grid_triangle_9x9_minimal,
          minmay_the_grid_triangle_9x9_negative_grid,
          minmay_the_grid_triangle_9x9_alien,
          minmay_the_grid_triangle_9x9_zippers_horizontal,
          minmay_the_grid_triangle_9x9_prize_special], layout_layer_cave,
          enter_bailey_2, minmay_fractal_squares_gapless_5
D:8:      layout_basic, pf_just_have_faith, gammafunk_ghost_wrathful_warriors,
          serial_shops, shop, shop, shop, nicolae_shop_trees,
          minmay_joined_circles, uniq_joseph
D:9:      layout_basic, vehumet_statue, serial_shops, shop,
          minmay_protected_statue
D:10:     layout_basic, zombieorc2_lemuel, special_room [special_room_orc],
          nicolae_zen_rock_garden, minmay_door_square,
          nicolae_shop_i_like_big_books
D:11:     layout_loops_ring, dpeg_oklobed_lair, serial_undead, serial_undead_e,
          serial_undead_c, serial_undead_a, serial_undead_b,
          nicolae_stop_n_shop_1
D:12:     layout_rooms, uniq_snorg
D:13:     lemuel_castle_with_subvaults [lemuel_castle_interior_original],
          layout_irregular_city
D:14:     layout_grid_maze, david_vaults_4, minmay_misc_feat_pillars,
          minivault_25_ag
D:15:     grunt_enter_depths_snipers, layout_rooms, serial_co_window_serial,
          co_window_corner_a, co_window_corner_a, co_window_paths_a,
          co_window_cross_1, co_window_corner_a, co_window_of_opportunity_a,
          co_window_paths_b, co_window_broadway_b, co_window_corner_ca,
          co_window_unsneaky_path_b, co_window_corner_b, co_window_cross_3,
          co_window_4corner_a
Temple:   nicolae_temple_no_exploring_needed
Lair:1:   layout_regular_city, lemuel_fruit_fields, uniq_fannar
Lair:2:   layout_regular_city, minmay_shoals_entry_hut
Lair:3:   layout_regular_city, hellmonk_spider_entry_life_and_decay,
          guppyfry_lair_drakes
Lair:4:   layout_regular_city, infiniplex_staircase_pool_2
Lair:5:   minmay_lair_end_enchanted_forest, layout_misc_corridors,
          slime_entry_1, lemuel_fruit_tree, grunt_megastairs_4, uniq_sonja,
          uniq_nessos, uniq_rupert
Spider:1: layout_spider_delve, portal_ice_cave_entry_pillars_four
Spider:2: layout_spider_delve, dreamdust_wasp_nest,
          hangedman_spider_tarantella_strand
Spider:3: layout_spider_delve, nicolae_spider_eight_legs
Spider:4: guppyfry_spider_rune, nicolae_spider_undead_wolf_pack
Orc:1:    layout_caves, okawaru_metal_pillars_3, uniq_jorgrun
Orc:2:    st_orc_town, layout_caves
Elf:1:    nicolae_elf_arrival_fired_up, layout_onion_city, serial_shops,
          nicolae_shop_hallway_plus, hangedman_corner_corridor, minivault_16,
          nicolae_elf_hall_of_bonks, uniq_roxanne
Elf:2:    nicolae_elf_blades_splatter_lattice
          [nicolae_blade_entry_sentries_behind_glass], layout_geoelf_diagonals,
          basic_altar, portal_desolation_entry_ruin
Elf:3:    minmay_elf_hall_dome, layout_loops_ring, basic_altar

Skill      XL: |  1  2  3  4  5  6  7  8  9 10 11 12 13 14 15 16 17 18 19 20 |
---------------+-------------------------------------------------------------+-----
Ice Magic      | 1 2 3 5 6 |  6.6
Transmutations | 3 4 6 8 9 13 14 15 16 17 | 17.3
Fighting       | 3 4 5 7 9 10 11 12 | 12.3
Unarmed Combat | 4 6 7 8 10 11 12 13 14 | 14.0
Hexes          | 3 5 |  5.0
Earth Magic    | 2 3 4 6 8 9 10 | 10.0
Invocations    | 2 3 5 7 9 10 11 | 11.8
Spellcasting   | 3 4 7 9 10 | 10.2
Translocations | 2 4 5 6 8 9 10 11 | 11.0
Air Magic      | 5 7 9 11 13 14 15 | 15.2
Dodging        | |  2.0

Action                   |  1- 3 |  4- 6 |  7- 9 | 10-12 | 13-15 | 16-18 | 19-21 || total
-------------------------+-------+-------+-------+-------+-------+-------+-------++-------
Melee: Unarmed           |   102 |    93 |   172 |   503 |   735 |   793 |   358 ||  2756
       Constrict         |    25 |    16 |     2 |       |    89 |    85 |       ||   217
       Tentacles         |    12 |    10 |     4 |       |   180 |    85 |       ||   291
       Punch             |     2 |     1 |       |       |    66 |    70 |    39 ||   178
       Kick              |     7 |     8 |     1 |       |       |   133 |     1 ||   150
 Cast: Beastly Appendage |     4 |     8 |     1 |       |       |       |       ||    13
       Ice Form          |       |     5 |    22 |    45 |    26 |     3 |       ||   101
       Wereblood         |       |     1 |     4 |    11 |     5 |     7 |     5 ||    33
       Leda's Liquefacti |       |       |       |     2 |     1 |       |     1 ||     4
       Statue Form       |       |       |       |       |    47 |    27 |     2 ||    76
       Manifold Assault  |       |       |       |       |     2 |    17 |     3 ||    22
       Lesser Beckoning  |       |       |       |       |     1 |     3 |     4 ||     8
       Storm Form        |       |       |       |       |       |    48 |    33 ||    81
       Passwall          |       |       |       |       |       |     3 |       ||     3
       Swiftness         |       |       |       |       |       |     1 |     1 ||     2
Invok: Divine Shield     |       |       |       |     5 |     7 |     8 |     5 ||    25
       Summon Divine War |       |       |       |       |     3 |     6 |     1 ||    10
 Abil: Blinkbolt         |       |       |       |       |       |       |     3 ||     3
Evoke: Wand              |       |       |     5 |     2 |       |     1 |     1 ||     9
  Use: Scroll            |       |     2 |     2 |    10 |    18 |     2 |     4 ||    38
       Potion            |       |       |       |     2 |     2 |     2 |     1 ||     7
 Stab: Sleeping          |    12 |     3 |       |       |       |       |       ||    15
       Distracted        |     1 |       |       |       |       |       |       ||     1
       Paralysed         |       |       |     2 |       |       |       |       ||     2
Armor: Skin              |     3 |    18 |    46 |   123 |   438 |   408 |    77 ||  1113
Dodge: Dodged            |    41 |    45 |    49 |   170 |   561 |   714 |   169 ||  1749
Block: Other             |       |       |    15 |   112 |   264 |   295 |    55 ||   741
       Reflection        |       |       |       |     6 |     6 |    30 |     5 ||    47

Table legend: (Time is in decaauts)
 A = Elapsed time spent in this place.
 B = Non-inter-level travel time spent in this place.
 C = Inter-level travel time spent in this place.
 D = Time resting spent in this place.
 E = Time spent auto-exploring this place.
 F = Levels seen in this place.
 G = Mean time per level.
                   A        B        C        D        E       F      G
               +--------+--------+--------+--------+--------+-----+--------+
         Total |  39544 |  37869 |   1675 |   3624 |  25523 |  34 | 1163.1 |
       Dungeon |  19080 |  18186 |    894 |   1503 |  13215 |  15 | 1272.0 |
        Temple |     14 |      8 |      6 |      0 |      0 |   1 |   14.0 |
          Lair |   6854 |   6473 |    381 |    163 |   4901 |   5 | 1370.8 |
   Spider Nest |   5337 |   5170 |    167 |    754 |   2998 |   4 | 1334.2 |
  Orcish Mines |   2064 |   1947 |    117 |    428 |    986 |   2 | 1032.0 |
   Elven Halls |   4246 |   4137 |    109 |    771 |   2538 |   3 | 1415.3 |
         Abyss |    245 |    245 |      0 |      5 |      0 |   1 |  245.0 |
        Bailey |    308 |    308 |      0 |      0 |     63 |   1 |  308.0 |
      Ice Cave |    674 |    674 |      0 |      0 |    454 |   1 |  674.0 |
    Desolation |    717 |    717 |      0 |      0 |    368 |   1 |  717.0 |
               +--------+--------+--------+--------+--------+-----+--------+

Top non-repeatable levels by time:
    D:10: 2154 daAuts
   Elf:2: 2145 daAuts
Spider:4: 1926 daAuts
  Lair:5: 1916 daAuts
     D:7: 1751 daAuts
   Elf:1: 1723 daAuts
    D:15: 1618 daAuts
    D:14: 1612 daAuts
  Lair:4: 1611 daAuts
   Orc:2: 1601 daAuts
     D:5: 1588 daAuts
Spider:2: 1477 daAuts
    D:11: 1409 daAuts
  Lair:3: 1289 daAuts
    D:13: 1272 daAuts
